 Dungeon Crawl Stone Soup version 0.31.0-1-g2c135a008e (webtiles) character file.

Game seed: 99697524873347138

1141 qw the Shooter (level 8, -1/59 HPs)
             Began as a Djinni Hunter on Jan 23, 2024.
             Was a Believer of Okawaru.
             Slain by a scorpion (6 damage)
             ... on level 6 of the Dungeon.
             The game lasted 00:00:25 (5028 turns).

qw the Shooter (Djinni Hunter)                      Turns: 5028, Time: 00:00:26

Health: -1/59      AC:  8    Str: 13    XL:     8   Next: 64%
Gold:   134        EV: 12    Int: 11    God:    Okawaru [**....] SH:  0 Dex: 19

rFire   + + .        e - +0 orcbow
rCold   . . .        (shield currently unavailable)
rNeg    + . .        d - +0 ring mail
rPois   inf          (no helmet)
rElec   .            b - +2 cloak
rCorr   .            (no gloves)
SInv    .            (boots unavailable)
Will    .....        (no amulet)
Stlth   +            j - ring of protection from cold
HPRegen 0.29/turn    i - ring of Orecwuof {rPois rN+ Str+3}
MPRegen 0.00/turn

%: infuse magic (-2 HP)
@: flying
A: sickness immunity, fire resistance 2, cold vulnerability 1, float, innate
caster, HP casting, extra vitality 1
a: Renounce Religion, Heroism


You were on level 6 of the Dungeon.
You worshipped Okawaru.
Okawaru was pleased with you.
You visited 2 branches of the dungeon, and saw 7 of its levels.

You collected 170 gold pieces.
You spent 36 gold pieces at shops.


Innate Abilities, Weirdness & Mutations

You are immune to sickness and miasma.
You are immune to poison.
Your flesh is very heat resistant. (rF++)
You are vulnerable to cold. (rC-)
You float through the air rather than walking.
You learn spells naturally, not from books.
Your magical power is your life essence.
You have superior vitality. (+4 MHP)


   Skills:
 - Level 5.0 Fighting
 + Level 6.2 Ranged Weapons
 - Level 1.0 Armour
 - Level 4.2 Dodging
 - Level 0.7 Stealth
 - Level 4.1 Invocations


You knew the following spells:

 Your Spells              Type           Power      Damage    Failure   Level
a - Necrotise             Necr           0%         1d4       58%         1
b - Jinxbite              Hex            0%         N/A       75%         2
c - Confusing Touch       Hex            0%         N/A       92%         3
Your spell library was empty.

Inventory:

Hand Weapons
 e - a +0 orcbow (weapon)
Armour
 b - a +2 cloak (worn)
 d - a +0 ring mail (worn)
Jewellery
 i - the ring of Orecwuof (right hand) {rPois rN+ Str+3}
   (You found it on level 5 of the Dungeon)

   [ring of poison resistance]

   Str+3:     It affects your strength (+3).
   rPois:     It protects you from poison rN+: It protects you from negative
   energy.
 j - a ring of protection from cold (left hand)
 m - a ring of protection from cold
Wands
 k - a wand of roots (9)
Scrolls
 a - a scroll of enchant armour
Potions
 g - 3 potions of curing
 h - a potion of magic

Dungeon Overview and Level Annotations

Branches:
Dungeon (6/15)             Temple (1/1) D:4

Altars:
Ashenzari
Cheibriados
Dithmenos
Elyvilon
Fedhas
Gozag
Hepliaklqana
Makhleb
Nemelex Xobeh
Okawaru
Qazlal
Ru
Trog
Uskayaw
Wu Jian
Xom
Yredelemnul
Zin
The Shining One

Shops:
D:2 =   D:4 !   D:6 (*(

Annotations:
D:4 1 runed translucent door, Crazy Yiuf


Message History

The arrow barely misses the howler monkey.
The ufetubus barely misses you. The ufetubus hits you.
The ufetubus slips past you!
The ufetubus hits you but does no damage.
The ufetubus hits you. The howler monkey closely misses you.
5018 ||| READING scroll of teleportation.
As you read the scroll of teleportation, it crumbles to dust.
You feel strangely unstable. The ufetubus barely misses you.
The ufetubus closely misses you. The howler monkey closely misses you.
An ufetubus comes into view.
The ufetubus closely misses you. The ufetubus misses you.
You shoot an arrow. The arrow hits the howler monkey.
You kill the howler monkey!
Okawaru accepts your kill.
The ufetubus hits you but does no damage.
The ufetubus closely misses you. The scorpion stings you.
The ufetubus barely misses you.
The ufetubus hits you but does no damage.
You shoot an arrow. The arrow closely misses the scorpion.
The ufetubus barely misses you.
The ufetubus hits you but does no damage.
The ufetubus hits you. The ufetubus closely misses you.
The scorpion stings you but does no damage.
The ufetubus barely misses you. The ufetubus hits you.
The ufetubus barely misses you. x2
You shoot an arrow. The arrow barely misses the scorpion.
Your surroundings suddenly seem different.
Found a runed quarterstaff.
5022 ||| FLEEEEING.
You hear the brisk rusting of a distant drain.
An ogre comes into view. It is wielding a +0 giant club.
5024 ||| FLEEEEING.
You shoot an arrow. The arrow barely misses the scorpion.
5026 ||| RETREEEEATING.
5027 ||| FLEEEEING.
You shoot an arrow.
The arrow hits the scorpion but does no damage.
The scorpion stings you.
You die...

#........# #........#
.... #......<.# ....
#........# #...#.#.
#....#.#.###.#.#...#
#......#.#.#........
#.####.......##..... #.
. ##.....#........ ...
.###.#....#@...#.###.#..
..........#s..:.........
.....##.......##.....##.
........#.#.#...........
#...#.#.#.5.#.#.#...#.#.
#.# #...%....?..#.#.#
......##.....##.... ..
..#.....5.........#. ..)
#.. .#.###.#....#.. .#


You could see a scorpion and an ufetubus.

Vanquished Creatures
  Sigmund (D:4)
  A steam dragon (D:6)
  A black bear (D:4)
  An ogre (D:5)
  A centaur (D:5)
  A howler monkey (D:6)
  2 hounds
  2 bombardier beetles
  A jelly (D:6)
  2 orc priests (D:5)
  A sleepcap (D:5)
  Natasha (thrice) (D:2)
  3 iguanas
  4 adders
  3 gnolls (D:4)
  A white imp (D:6)
  2 ribbon worms
  A dart slug (D:3)
  6 orcs
  11 endoplasms
  3 giant cockroaches (D:1)
  5 goblins (D:1)
  6 hobgoblins
  A quokka (D:3)
  8 ball pythons
  10 bats
  3 frilled lizards
  12 kobolds
  3 rats
99 creatures vanquished.

Notes
Turn   | Place    | Note
-------+----------+-------------------------------------------
     0 | D:1      | qw the Djinni Hunter began the quest for the Orb.
     0 | D:1      | Reached XP level 1. HP: 18/18 MP: 0/0
     0 | D:1      | 0 ||| qw: Version: 0.3-a-132-g3d54051
     0 | D:1      | 0 ||| qw: Game counter: 630
     0 | D:1      | 0 ||| qw: Melee chars always use a shield: true
     0 | D:1      | 0 ||| qw: God list: Okawaru
     0 | D:1      | 0 ||| qw: Allow faded altars: false
     0 | D:1      | 0 ||| qw: Do Orc after clearing Dungeon:15 true
     0 | D:1      | 0 ||| qw: Do second Lair branch before Depths: true
     0 | D:1      | 0 ||| qw: Lair rune preference: random
     0 | D:1      | 0 ||| qw: Goals: Normal
     0 | D:1      | 0 ||| PLANNING D:1-11
   114 | D:1      | Reached XP level 2. HP: 23/23 MP: 0/0
   417 | D:1      | Reached skill level 4 in Ranged Weapons
   417 | D:1      | Reached XP level 3. HP: 28/28 MP: 0/0
   417 | D:1      | Learned a level 1 spell: Necrotise
   645 | D:1      | 645 ||| UPGRADING to ring of protection from cold.
   646 | D:1      | 646 ||| READING 2 scrolls labelled UCIL FETZISEA.
   646 | D:1      | 646 ||| IDENTIFYING bubbling emerald potion
   647 | D:1      | 647 ||| READING scroll of identify.
   647 | D:1      | 647 ||| IDENTIFYING emerald potion
   648 | D:1      | 648 ||| READING 3 scrolls labelled NAADUF KECZA.
   652 | D:1      | 652 ||| READING scroll labelled RUEPU UL OWNIG.
   653 | D:1      | 653 ||| DROPPING scroll of butterflies.
   654 | D:1      | 654 ||| DROPPING potion of berserk rage.
   677 | D:2      | 677 ||| STAIRDANCE
   827 | D:2      | Noticed Natasha
   837 | D:2      | HP: 5/29 [Natasha/magic dart (7)]
   838 | D:2      | 838 ||| READING 2 scrolls of teleportation.
   839 | D:2      | 839 ||| DRINKING potion of heal wounds.
   841 | D:2      | Killed Natasha
   842 | D:2      | Reached skill level 3 in Fighting
   842 | D:2      | Reached XP level 4. HP: 31/35 MP: 0/0
   842 | D:2      | 842 ||| FLEEEEING.
   858 | D:2      | Noticed Natasha
   863 | D:2      | Killed Natasha
   922 | D:2      | Noticed Natasha
   925 | D:2      | Killed Natasha
   926 | D:2      | Reached skill level 3 in Dodging
   926 | D:2      | Reached XP level 5. HP: 37/40 MP: 0/0
   926 | D:2      | Learned a level 2 spell: Jinxbite
   948 | D:2      | Identified the +6 short sword of Annoyance {freeze, rC+}
  1289 | D:2      | Found Orubo's One-of-a-Kind Rings.
  1293 | D:2      | 1293 ||| SHOPLISTING +2 ring of slaying (210 gold, have
                  | 26).
  1293 | D:2      | 1293 ||| SHOPLISTING +3 ring of dexterity (100 gold, have
                  | 26).
  1293 | D:2      | 1293 ||| SHOPLISTING +5 ring of strength (210 gold, have
                  | 26).
  1293 | D:2      | 1293 ||| SHOPLISTING ring of Ikookhan {rCorr Str+2 Int+6}
                  | (528 gold, have 26).
  1293 | D:2      | 1293 ||| SHOPLISTING ring of Orapliw {rN++ rCorr Str+2
                  | Dex-2} (375 gold, have 26).
  1307 | D:2      | 1307 ||| UPGRADING to +0 cloak.
  1312 | D:2      | 1312 ||| UPGRADING to +0 ring mail.
  1322 | D:2      | 1322 ||| DROPPING +0 leather armour.
  1347 | D:3      | 1347 ||| STAIRDANCE
  1349 | D:2      | 1349 ||| FLEEEEING.
  1457 | D:3      | Reached skill level 1 in Armour
  1478 | D:3      | 1478 ||| FLEEEEING.
  1742 | D:3      | You are sucked into a shaft and drop 2 floors!
  1742 | D:5      | Entered Level 5 of the Dungeon
  1743 | D:5      | 1743 ||| FLEEEEING.
  1747 | D:5      | 1747 ||| STAIRDANCE
  1883 | D:4      | Reached XP level 6. HP: 46/46 MP: 0/0
  1889 | D:4      | HP: 10/46 [gnoll/+3 spear (7)]
  1890 | D:4      | 1890 ||| READING scroll of teleportation.
  1894 | D:4      | Found Mesijutt's Distillery.
  1894 | D:4      | Noticed a black bear
  1895 | D:4      | 1895 ||| ZAPPING wand of mindburst (4) at 3,0 (black bear;
                  | floor).
  1896 | D:4      | 1896 ||| ZAPPING wand of mindburst (3) at 2,0 (black bear;
                  | floor).
  1897 | D:4      | 1897 ||| ZAPPING wand of mindburst (2) at 1,0 (black bear;
                  | floor).
  1897 | D:4      | HP: 1/46 [black bear (6)]
  1898 | D:4      | 1898 ||| ZAPPING wand of mindburst (1) at 1,0 (black bear;
                  | floor).
  1899 | D:4      | Killed a black bear
  1900 | D:4      | Reached skill level 5 in Ranged Weapons
  2076 | D:4      | 2076 ||| BUYING potion of curing (36 gold).
  2076 | D:4      | Bought a potion of curing for 36 gold pieces
  2076 | D:4      | 2076 ||| SHOPLISTING potion of curing (36 gold, have 28).
  2076 | D:4      | 2076 ||| SHOPLISTING potion of enlightenment (60 gold, have
                  | 28).
  2076 | D:4      | 2076 ||| SHOPLISTING potion of mutation (96 gold, have 28).
  2102 | D:4      | Found a staircase to the Ecumenical Temple.
  2103 | D:4      | 2103 ||| PLANNING TEMPLE
  2103 | D:4      | 2103 ||| READING 2 scrolls labelled COUQUI LEMUXA.
  2104 | D:4      | 2104 ||| READING scroll labelled ZEUPEA TEEXT.
  2105 | D:4      | 2105 ||| DROPPING scroll of immolation.
  2114 | Temple   | Entered the Ecumenical Temple
  2115 | Temple   | 2115 ||| PLANNING OKAWARU WORSHIP
  2158 | Temple   | Became a worshipper of Warmaster Okawaru
  2159 | Temple   | 2159 ||| PLANNING D:1-11
  2378 | D:4      | 2378 ||| FLEEEEING.
  2378 | D:4      | Noticed Sigmund
  2392 | D:4      | 2392 ||| FLEEEEING.
  2398 | D:4      | 2398 ||| STAIRDANCE
  2398 | D:4      | HP: 6/46 [something (7)]
  2734 | D:3      | 2734 ||| READING scroll labelled XEYMYK NASEQI.
  2778 | D:4      | Killed Sigmund
  2778 | D:4      | Reached * piety under Okawaru
  2779 | D:4      | Reached XP level 7. HP: 53/54 MP: 0/0
  2779 | D:4      | Learned a level 3 spell: Confusing Touch
  2865 | D:4      | Found a runed translucent door.
  2866 | D:4      | Noticed Crazy Yiuf
  3255 | D:4      | 3255 ||| READING 2 scrolls of identify.
  3255 | D:4      | 3255 ||| IDENTIFYING smoky orange potion
  3256 | D:4      | 3256 ||| READING scroll of identify.
  3256 | D:4      | 3256 ||| IDENTIFYING fizzy cyan potion
  3257 | D:4      | 3257 ||| READING scroll labelled ARUEPL JOCOFY.
  3257 | D:4      | 3257 ||| ENCHANTING +0 cloak.
  3258 | D:4      | 3258 ||| READING scroll labelled ZIONIW ZOURO.
  3259 | D:4      | 3259 ||| DROPPING potion of lignification.
  3299 | D:5      | HP: 9/54 [centaur/arrow (10)]
  3300 | D:5      | 3300 ||| READING scroll of teleportation.
  3301 | D:5      | 3301 ||| DRINKING potion of heal wounds.
  3304 | D:5      | Reached skill level 1 in Invocations
  3384 | D:5      | 3384 ||| FLEEEEING.
  3393 | D:5      | 3393 ||| STAIRDANCE
  3516 | D:5      | 3516 ||| SWAPPING to +0 orcbow.
  3517 | D:5      | 3517 ||| DROPPING +0 shortbow.
  3541 | D:5      | 3541 ||| FLEEEEING.
  3542 | D:5      | 3542 ||| FLEEEEING.
  3543 | D:5      | 3543 ||| FLEEEEING.
  3544 | D:5      | 3544 ||| FLEEEEING.
  3545 | D:5      | 3545 ||| FLEEEEING.
  3546 | D:5      | 3546 ||| FLEEEEING.
  3547 | D:5      | 3547 ||| FLEEEEING.
  3548 | D:5      | 3548 ||| FLEEEEING.
  3549 | D:5      | 3549 ||| FLEEEEING.
  3550 | D:5      | 3550 ||| STAIRDANCE
  3634 | D:5      | 3634 ||| STAIRDANCE
  3798 | D:5      | 3798 ||| STAIRDANCE
  3889 | D:5      | 3889 ||| STAIRDANCE
  3891 | D:4      | 3891 ||| FLEEEEING.
  4156 | D:5      | Reached XP level 8. HP: 15/59 MP: 0/0
  4157 | D:5      | 4157 ||| FLEEEEING.
  4319 | D:5      | Identified the ring of Orecwuof {rPois rN+ Str+3}
  4484 | D:5      | Found a broken altar of Ashenzari.
  4492 | D:5      | Reached skill level 6 in Ranged Weapons
  4492 | D:5      | Reached skill level 3 in Invocations
  4589 | D:5      | 4589 ||| UPGRADING to ring of Orecwuof {rPois rN+ Str+3}.
  4590 | D:5      | 4590 ||| READING scroll of identify.
  4590 | D:5      | 4590 ||| IDENTIFYING amethyst potion
  4591 | D:5      | 4591 ||| READING scroll labelled CASTRANIVEPP.
  4592 | D:5      | 4592 ||| DROPPING potion of ambrosia.
  4612 | D:6      | Found Paluatop's Antique Weapon Emporium.
  4612 | D:6      | Found Woal's Assorted Antiques.
  4612 | D:6      | Found Xeaxzes's Weapon Emporium.
  4613 | D:6      | 4613 ||| PLANNING SEWER
  4614 | D:6      | 4614 ||| SHOPLISTING glowing orcbow (182 gold, have 134).
  4647 | D:6      | 4647 ||| STAIRDANCE
  4649 | D:5      | 4649 ||| FLEEEEING.
  4659 | D:5      | 4659 ||| STAIRDANCE
  4991 | D:6      | 4991 ||| READING 2 scrolls of enchant armour.
  4991 | D:6      | 4991 ||| ENCHANTING +1 cloak.
  5009 | D:6      | Reached ** piety under Okawaru
  5017 | D:6      | HP: 13/59 [ufetubus (4)]
  5018 | D:6      | 5018 ||| READING scroll of teleportation.
  5020 | D:6      | HP: 6/59 [ufetubus (3)]
  5020 | D:6      | HP: 2/59 [ufetubus (4)]
  5022 | D:6      | 5022 ||| FLEEEEING.
  5024 | D:6      | 5024 ||| FLEEEEING.
  5026 | D:6      | 5026 ||| RETREEEEATING.
  5027 | D:6      | 5027 ||| FLEEEEING.
  5028 | D:6      | Slain by a scorpion

Levels and vault maps discovered:
D:1:      nagdon_arrival_double_spiral, layout_loops_cross, minmay_tromino_v7
D:2:      layout_rooms, nicolae_shop_unique_rings, amcnicky_mini_pool_small,
          st_stairs_14, uniq_natasha
D:3:      layout_rooms
D:4:      layout_cave_pods, minmay_temple_entry_overgrown, serial_shops, shop,
          uniq_sigmund, uniq_crazy_yiuf_cottage
D:5:      layout_rooms, ashenzari_conservatory_becter, kennysheep_another_room,
          grunt_ministairs_6
D:6:      nicolae_cairo_tiling_large_dashed, layout_rooms,
          gup_sewer_entry_glass, nicolae_shop_distant_corner_stores,
          uniq_menkaure
Temple:   mainiacjoe_temple_cubbyholes

Skill      XL: |  1  2  3  4  5  6  7  8 |
---------------+-------------------------+-----
Ranged Weapons | 4 5 6 |  6.2
Fighting       | 3 5 |  5.0
Dodging        | 3 4 |  4.2
Armour         | 1 |  1.0
Invocations    | 2 4 |  4.1
Stealth        | |  0.7

Action                     |  1- 3 |  4- 6 |  7- 9 || total
---------------------------+-------+-------+-------++-------
   Fire: Shortbow          |    81 |   175 |    28 ||   284
         Orcbow            |       |       |   129 ||   129
  Evoke: Wand              |       |     4 |       ||     4
    Use: Scroll            |     5 |     4 |     9 ||    18
         Potion            |     1 |       |     1 ||     2
 Armour: Leather armour    |    18 |     6 |       ||    24
         Ring mail         |       |    65 |   126 ||   191
  Dodge: Dodged            |    16 |    66 |    79 ||   161

Table legend:
 A = Non-vault XP
 B = Vault XP
 C = Vault XP percentage of total XP
 D = Non-vault monster count
 E = Vault monster count
 F = Vault count percentage of total count
                 A         B        C        D         E       F
            +---------+---------+-------+---------+---------+-------
      Total |    1246 |     385 |  23.6 |      91 |       8 |   8.1
            +---------+---------+-------+---------+---------+-------
        D:1 |      44 |       7 |  13.7 |      26 |       4 |  13.3
        D:2 |      85 |      41 |  32.5 |      12 |       2 |  14.3
        D:3 |      53 |       0 |   0.0 |      20 |       0 |   0.0
        D:4 |     294 |     231 |  44.0 |      15 |       1 |   6.2
        D:5 |     432 |     106 |  19.7 |      13 |       1 |   7.1
        D:6 |     338 |       0 |   0.0 |       5 |       0 |   0.0
            +---------+---------+-------+---------+---------+-------
